 Dungeon Crawl Stone Soup version 0.30-a0-222-ge547ba4400 (webtiles) character file.

Game seed: 8779975776456893819

50827 porpoise the Spear-Bearer (level 14, -1/115 HPs)
             Began as a Demonspawn Gladiator on Oct 9, 2022.
             Was an Initiate of Yredelemnul.
             Killed from afar by Azrael (18 damage)
             ... with a bolt of fire
             ... on level 12 of the Dungeon.
             The game lasted 01:35:42 (22051 turns).

porpoise the Spear-Bearer (Demonspawn Gladiator)   Turns: 22051, Time: 01:35:42

Health: -1/115     AC: 13    Str: 18    XL:     14   Next: 21%
Magic:  23/23      EV: 18    Int: 15    God:    Yredelemnul [......]
Gold:   587        SH:  6    Dex: 21    Spells: 13/13 levels left

rFire   . . .      SeeInvis +    a - +0 trident
rCold   . . .      Faith    +    J - +0 buckler
rNeg    . . .      Spirit   .    s - +1 ring mail of Ghostly Liberty {Int+4}
rPois   .          Reflect  .    N - +0 mask of the Dragon {Will+ Slay+3 SInv}
rElec   .          Harm     .    (no cloak)
rCorr   +          Rampage  .    A - +1 pair of gloves
Will    +++..                    Q - +0 pair of boots
Stlth   +.........               u - amulet of faith
HPRegen 0.39/turn                n - +4 ring of evasion
MPRegen 0.36/turn                c - ring "Dasaolan" {Will+ rCorr Dex+6}

@: about to teleport, spiked
A: slimy green scales 1, foul stench 2, magic regeneration, weakness stinger 2
a: Renounce Religion, Recall Undead Harvest


You were on level 12 of the Dungeon.
You worshipped Yredelemnul.
Yredelemnul was pleased with you.
You visited 3 branches of the dungeon, and saw 18 of its levels.
You also visited: Gauntlet.

You collected 1679 gold pieces.
You spent 1092 gold pieces at shops.

Inventory:

Hand Weapons
 a - a +0 trident (weapon)
Missiles
 e - 6 javelins (quivered)
 o - 5 boomerangs of dispersal
Armour
 s - the +1 ring mail of Ghostly Liberty (worn) {Int+4}
   (You found it on level 2 of the Lair of Beasts)

   Int:       It affects your intelligence (+4).
 A - a +1 pair of gloves (worn)
 J - a +0 buckler (worn)
 N - the +0 mask of the Dragon (worn) {Will+ Slay+3 SInv}
   (You bought it in a shop on level 11 of the Dungeon)

   Slay:      It affects your accuracy & damage with ranged weapons and melee
   (+3).
   SInv:      It lets you see invisible.
   Will:      It increases your willpower.
 Q - a +0 pair of boots (worn)
Jewellery
 c - the ring "Dasaolan" (right hand) {Will+ rCorr Dex+6}
   (You bought it in a shop on level 10 of the Dungeon)

   [ring of dexterity]

   Dex:       It affects your dexterity (+6).
   rCorr:     It protects you from acid and corrosion.
   Will:      It increases your willpower.
 n - a +4 ring of evasion (left hand)
 u - an amulet of faith (around neck)
Wands
 g - a wand of digging (8)
 k - a wand of paralysis (6)
 p - a wand of quicksilver (9)
 C - a wand of flame (42)
 E - a wand of roots (11)
 O - a wand of polymorph (12)
 U - a wand of mindburst (12)
Scrolls
 d - a scroll of enchant armour
 f - 2 scrolls of vulnerability
 l - 3 scrolls of teleportation
 q - 7 scrolls of identify
 v - a scroll of blinking
 x - a scroll of fear
 y - a scroll of poison
 T - 4 scrolls of fog
Potions
 i - 6 potions of curing
 r - 3 potions of lignification
 B - a potion of attraction
 I - 3 potions of invisibility
 X - a potion of haste
 Y - 5 potions of heal wounds
Miscellaneous
 L - a lightning rod (4/4)


   Skills:
 - Level 12.0 Fighting
 - Level 14.0 Polearms
 - Level 1.7 Throwing
 + Level 8.2 Armour
 + Level 6.0 Dodging
 - Level 5.0 Shields
 + Level 12.2 Invocations
 - Level 7.0 Evocations


You had 13 spell levels left.
You didn't know any spells.
Your spell library contained the following spells:

 Spells                   Type           Power      Damage    Failure   Level
 Apportation              Tloc           0%         N/A       50%         1
 Magic Dart               Conj           0%         1d3       50%         1
 Necrotise                Necr           0%         1d4       50%         1
 Summon Small Mammal      Summ           0%         N/A       50%         1
 Call Imp                 Summ           0%         N/A       65%         2
 Cigotuvi's Dreadful Rot  Necr/Pois/Air  0%         N/A       65%         2
 Ensorcelled Hibernation  Hex/Ice        0%         N/A       65%         2
 Passwall                 Tmut/Erth      0%         N/A       65%         2
 Poisonous Vapours        Pois/Air       0%         N/A       65%         2
 Inner Flame              Hex/Fire       0%         N/A       86%         3
 Mephitic Cloud           Conj/Pois/Air  0%         N/A       86%         3
 Swiftness                Air            0%         N/A       86%         3
 Dispel Undead            Necr           0%         3d6       99%         4
 Flame Wave               Conj/Fire      0%         2d4       99%         4
 Passage of Golubria      Tloc           0%         N/A       99%         4
 Sticky Flame             Conj/Fire      0%         2d3       99%         4
 Blade Hands              Tmut           0%         N/A       100%        5
 Irradiate                Conj/Tmut      0%         3d11      100%        5
 Silence                  Hex/Air        0%         N/A       100%        5
 Dragon Form              Tmut           0%         N/A       100%        7
 Haunt                    Necr/Summ      0%         N/A       100%        7
 Infestation              Necr           0%         N/A       100%        8
 Lehudib's Crystal Spear  Conj/Erth      0%         10d2      100%        8
 Animate Dead             Necr           Unusable   N/A       N/A         4
 Death Channel            Necr           Unusable   N/A       N/A         6

Dungeon Overview and Level Annotations

Branches:
Dungeon (12/15)            Temple (1/1) D:7            Lair (5/5) D:11
  Swamp (0/4) Lair:2       Spider (0/4) Lair:3        Slime (0/5) Lair:4
    Orc (0/2) D:11        Gauntlet (visited)

Altars:
Ashenzari
Gozag
Hepliaklqana
Kikubaaqudgha
Makhleb
Nemelex Xobeh
Okawaru
Ru
Sif Muna
Trog
Uskayaw
Vehumet
Xom
Yredelemnul
Jiyva

Shops:
D:10 =   D:11 ([

Annotations:
D:8 2 transporters, osoart's ghost, novice SpHu
D:12 Azrael


Innate Abilities, Weirdness & Mutations

You are partially covered in slimy green scales. (AC +2)
You sometimes emit foul miasma when damaged in melee.
You regenerate magic rapidly.
You have a tail ending in a sharp stinger.


Message History

You block the vampire mosquito's attack.
Your vampire mosquito zombie bites the fire elemental but does no damage.
You block the red devil's attack.
The fire elemental hits your vampire mosquito zombie.
The fire elemental burns your vampire mosquito zombie!
Your vampire mosquito zombie is destroyed!
The vampire mosquito misses you.
Your wraith barely misses the fire elemental.
You puncture the vampire mosquito!
The vampire mosquito is severely damaged.
Cornered, the hell hound turns to fight!
The vampire mosquito barely misses you. Azrael yells at you, "GO AWAY!"
Cornered, Azrael turns to fight!
The red devil hits you from afar with a +6 trident.
* * * LOW HITPOINT WARNING * * *
Barbed spikes become lodged in your body.
The fire elemental misses you.
You barely miss the vampire mosquito.
The vampire mosquito is severely damaged.
The vampire mosquito bites you.
* * * LOW HITPOINT WARNING * * *
The vampire mosquito draws strength from your injuries!
You emit a cloud of foul miasma!
The hell hound breathes flames at you. The blast of flame hits you!
* * * LOW HITPOINT WARNING * * *
Your wraith misses the fire elemental.
Your komodo dragon bites the fire elemental!!
The fire elemental is destroyed!
Reach: a) +0 trident
Press: ? - help, Dir - move target, f - red devil
Aim: a red devil, wielding a +6 trident (lightly wounded, about 32% to evade your +0 trident)
You reach to attack!
You hit the red devil but do no damage.
The red devil is lightly wounded.
You block the vampire mosquito's attack.
Azrael gestures at you. The bolt of fire hits you!!
You die...
Your body rises from the dead as a mindless zombie.

##.....# ......#
###.....# ##R......# .
#h.≈.....######+####.
.#.#.≈§4................
.....C..l..<............
h.....y@W............#
...####+##...........#
#...........#
#...##'##...#
#...#...#...###
#...#...#......
#...#...#......
....#...#...#+#
.....#...#...#


You could see Azrael, a red devil, 2 hell hounds, a vampire mosquito (ally
target), a friendly cyclops (summoned), a friendly komodo dragon (summoned) and
a friendly wraith (summoned).

Vanquished Creatures
  Snorg (D:11)
  3 hydras
  2 two-headed ogres
  2 centaur warriors
  A boulder beetle (D:11)
  An alligator (Lair:5)
  A death yak (Lair:4)
  An orc knight (D:11)
  A lindwurm (Lair:5)
  4 black mambas
  2 torpor snails (Lair:5)
  Joseph (D:8)
  An unseen horror (D:11)
  2 cane toads (Lair:5)
  Maggie (D:6)
  Psyche (D:9)
  A rime drake (Lair:2)
  3 komodo dragons
  An orange demon (D:8)
  5 polar bears
  2 hornets (Lair:5)
  3 tyrant leeches
  A troll (D:9)
  Prince Ribbit (D:8)
  3 blink frogs (Lair:2)
  A culicivora (Lair:3)
  27 yaks
  2 wyverns
  3 basilisks
  A vampire mosquito (D:12)
  2 redbacks (Lair:3)
  3 steam dragons
  8 wargs
  3 acid dragons
  5 water moccasins
  6 hell hounds (Lair:5)
  2 orc warriors
  An ice beast (D:5)
  8 black bears
  2 ogres
  9 wolves (Lair:5)
  2 centaurs
  3 kobold brigands
  3 phantoms
  6 bullfrogs
  2 necrophages
  A scorpion (D:4)
  12 wights
  4 killer bees
  A howler monkey (D:10)
  An electric eel (Lair:1)
  3 hounds
  2 jellies
  11 orc priests
  6 iguanas
  11 orc wizards
  12 hell rats
  6 gnolls
  7 adders
  An ufetubus (D:4)
  4 worms
  2 dart slugs
  48 orcs
  8 endoplasms
  5 giant cockroaches (D:1)
  12 goblins
  11 hobgoblins
  8 jackals
  6 quokkas
  4 ball pythons
  3 bats
  4 frilled lizards
  19 kobolds
  3 rats
  4 rat zombies (D:10)
363 creatures vanquished.

Vanquished Creatures (collateral kills)
  A catoblepas (Lair:5)
  A hydra (Lair:2)
  5 death yaks (Lair:4)
  Amaemon (D:8)
  2 black mambas
  3 elephants (Lair:5)
  4 torpor snails
  4 cane toads
  A kobold demonologist (D:10)
  2 komodo dragons (Lair:4)
  A redback zombie (Lair:3)
  A rime drake (Lair:4)
  A tyrant leech (Lair:5)
  4 polar bears (Lair:5)
  2 blink frogs (Lair:2)
  5 hornets (Lair:5)
  3 raiju (Lair:5)
  4 dream sheep (Lair:5)
  A jumping spider (Lair:3)
  A culicivora (Lair:3)
  36 yaks
  A wyvern (Lair:5)
  2 basilisks
  2 fire elementals (D:12)
  A vampire mosquito (D:12)
  A warg (Lair:5)
  A swamp worm (Lair:2)
  4 water moccasins
  6 hell hounds (Lair:5)
  6 black bears
  An orc warrior (D:10)
  4 wolves (Lair:5)
  A kobold brigand (D:8)
  2 gnoll sergeants
  8 killer bees
  5 jellies (Lair:4)
  An orc priest (D:10)
  An orc wizard (D:11)
  2 hell rats
  5 gnolls
  3 orcs
  A bat zombie (D:10)
  A kobold (D:8)
  2 butterflies (Lair:4)
  A plant (Lair:3)
145 creatures vanquished.

Vanquished Creatures (others)
  A spectral hydra (Lair:5)
  A spectral ice dragon (Lair:5)
  An unseen horror zombie (D:11)
  A death yak zombie (Lair:4)
  A redback zombie (Lair:3)
  A spectral lindwurm (D:12)
  A culicivora zombie (Lair:3)
  2 black mamba zombies
  A tyrant leech zombie (Lair:5)
  A two-headed ogre zombie (D:8)
  A cane toad zombie (Lair:3)
  A hornet zombie (Lair:5)
  An elephant zombie (Lair:5)
  A vampire mosquito zombie (D:12)
  A komodo dragon zombie (Lair:4)
  2 hell hound zombies (Lair:5)
  2 water moccasin zombies
  3 warg zombies (Lair:5)
  3 polar bear zombies (Lair:5)
  A raiju zombie (Lair:5)
  11 yak zombies
  3 wolf zombies (Lair:5)
  A centaur zombie (D:8)
  2 basilisk zombies
  6 black bear zombies (Lair:5)
  A hound (D:6)
  4 killer bee zombies
  9 hell rat zombies
  An adder (D:6)
  A steam dragon zombie (D:9)
  4 jelly zombies (Lair:4)
  2 gnoll zombies
  A kobold zombie (D:8)
  4 orc zombies
  12 demonic plants (Gauntlet)
  55 fungi
  84 plants
  5 toadstools (D:3)
233 creatures vanquished.

Grand Total: 741 creatures vanquished

Notes
Turn   | Place    | Note
-------+----------+-------------------------------------------
     0 | D:1      | porpoise the Demonspawn Gladiator began the quest for the
                  | Orb.
     0 | D:1      | Reached XP level 1. HP: 16/16 MP: 1/1
    64 | D:1      | Reached skill level 3 in Polearms
    73 | D:1      | Gained mutation: You may rarely emit foul miasma when
                  | damaged in melee. [demonic ancestry]
    73 | D:1      | Reached XP level 2. HP: 6/22 MP: 2/2
   635 | D:1      | Reached XP level 3. HP: 28/28 MP: 3/3
   704 | D:1      | Found a faded altar of an unknown god.
  1145 | D:2      | Reached skill level 4 in Polearms
  1145 | D:2      | Reached XP level 4. HP: 34/34 MP: 4/4
  2336 | D:3      | Reached XP level 5. HP: 41/41 MP: 5/5
  2547 | D:3      | Found an opulent altar of Gozag.
  2691 | D:3      | Found a bloodstained altar of Trog.
  2699 | D:3      | Found a hazy altar of Hepliaklqana.
  3096 | D:4      | Reached skill level 5 in Polearms
  3441 | D:4      | Gained mutation: You are partially covered in slimy green
                  | scales. (AC +2) [demonic ancestry]
  3441 | D:4      | Reached XP level 6. HP: 30/47 MP: 6/6
  3733 | D:4      | Reached skill level 6 in Polearms
  3910 | D:4      | Gained mutation: You regenerate magic rapidly. [demonic
                  | ancestry]
  3910 | D:4      | Reached XP level 7. HP: 52/55 MP: 7/7
  4146 | D:5      | Entered Level 5 of the Dungeon
  4302 | D:5      | Identified the +3 chain mail of Tilos {Harm +Inv rC- Int+5}
  4360 | D:5      | Reached skill level 5 in Fighting
  4383 | D:5      | Found a sacrificial altar of Ru.
  4428 | D:5      | Reached skill level 7 in Polearms
  4493 | D:5      | Reached XP level 8. HP: 50/63 MP: 8/8
  4952 | D:5      | Reached skill level 8 in Polearms
  5413 | D:6      | Reached skill level 9 in Polearms
  5563 | D:6      | Noticed Maggie
  5604 | D:6      | Killed Maggie
  5605 | D:6      | Reached XP level 9. HP: 24/72 MP: 9/9
  6260 | D:6      | Reached skill level 10 in Polearms
  6749 | D:7      | Found a staircase to the Ecumenical Temple.
  6759 | D:7      | Reached skill level 11 in Polearms
  6767 | Temple   | Entered the Ecumenical Temple
  6815 | Temple   | Became a worshipper of Yredelemnul the Dark
  7074 | D:8      | Noticed a two-headed ogre
  7074 | D:8      | Noticed Prince Ribbit
  7074 | D:8      | Noticed Amaemon
  7094 | D:8      | Killed a two-headed ogre
  7094 | D:8      | Reached * piety under Yredelemnul
  7101 | D:8      | Killed Prince Ribbit
  7101 | D:8      | Reached ** piety under Yredelemnul
  7219 | D:8      | Noticed an orange demon
  7238 | D:8      | Killed Amaemon
  7239 | D:8      | Reached skill level 12 in Polearms
  7239 | D:8      | Gained mutation: You sometimes emit foul miasma when
                  | damaged in melee. [demonic ancestry]
  7239 | D:8      | Reached XP level 10. HP: 70/79 MP: 10/10
  7243 | D:8      | Killed an orange demon
  7293 | D:8      | Found a transporter.
  7521 | D:8      | Noticed osoart's ghost (novice SpHu)
  7554 | D:8      | Found a transporter.
  7653 | D:8      | Reached skill level 1 in Invocations
  7659 | D:8      | Reached *** piety under Yredelemnul
  7668 | D:8      | Reached skill level 1 in Armour
  7679 | D:8      | Noticed Joseph
  7691 | D:8      | Killed Joseph
  7918 | D:8      | Reached **** piety under Yredelemnul
  8266 | D:8      | Reached ***** piety under Yredelemnul
  9051 | D:9      | Noticed Psyche
  9058 | D:9      | Killed Psyche
  9080 | D:9      | Found a broken altar of Ashenzari.
  9147 | D:9      | Reached skill level 13 in Polearms
  9179 | D:9      | Reached skill level 5 in Invocations
  9808 | D:9      | Gained mutation: You have a small tail. [demonic ancestry]
  9808 | D:9      | Reached XP level 11. HP: 68/84 MP: 15/15
 10022 | D:10     | Entered Level 10 of the Dungeon
 10357 | D:10     | Noticed a centaur warrior
 10361 | D:10     | Killed a centaur warrior
 10562 | D:10     | Found Vucloqap's One-of-a-Kind Rings.
 10658 | D:10     | Bought the ring "Dasaolan" {Will+ rCorr Dex+6} for 758 gold
                  | pieces
 10728 | D:10     | Reached skill level 5 in Armour
 10733 | D:10     | Found an ancient bone altar of Kikubaaqudgha.
 10752 | D:10     | Reached skill level 1 in Evocations
 10758 | D:10     | Noticed a soul eater
 11229 | D:11     | Found a staircase to the Lair.
 11617 | D:11     | Noticed a boulder beetle
 11643 | D:11     | Killed a boulder beetle
 11660 | D:11     | Noticed a two-headed ogre
 11671 | D:11     | Killed a two-headed ogre
 11730 | D:11     | Noticed Snorg
 11747 | D:11     | Killed Snorg
 11748 | D:11     | Reached skill level 14 in Polearms
 11895 | D:11     | Noticed a centaur warrior
 11900 | D:11     | Killed a centaur warrior
 11901 | D:11     | Reached skill level 5 in Dodging
 12109 | D:11     | Noticed an orc knight
 12110 | D:11     | Found Liazitor's Weapon Boutique.
 12110 | D:11     | Found a staircase to the Orcish Mines.
 12110 | D:11     | Found Jimoadis's Armour Boutique.
 12114 | D:11     | Killed an orc knight
 12115 | D:11     | Reached skill level 5 in Evocations
 12276 | D:11     | Noticed a green ugly thing
 12284 | D:11     | Killed a green ugly thing
 12284 | D:11     | Enslaved a green ugly thing
 12456 | Lair:1   | Entered Level 1 of the Lair of Beasts
 12476 | Lair:1   | Found a gate leading to a gauntlet.
 12485 | Gauntlet | Entered a Gauntlet
 12485 | Gauntlet | Found a transporter.
 12496 | Gauntlet | Found a transporter.
 12511 | Gauntlet | Found a transporter.
 12513 | Gauntlet | Found a large runed translucent door.
 12513 | Gauntlet | Noticed a red ugly thing
 12514 | Gauntlet | Found a large runed translucent door.
 12515 | Gauntlet | Found a large runed translucent door.
 12515 | Gauntlet | Found a large runed translucent door.
 12515 | Gauntlet | Found a runed translucent door.
 12516 | Gauntlet | Found a transporter.
 12517 | Gauntlet | Found a runed translucent door.
 12518 | Gauntlet | Found a large runed translucent door.
 12518 | Gauntlet | Found a large runed translucent door.
 12519 | Gauntlet | Found a large runed translucent door.
 12520 | Gauntlet | Found a large runed translucent door.
 12526 | Gauntlet | Found a large runed translucent door.
 12526 | Gauntlet | Found a large runed translucent door.
 12527 | Gauntlet | Found a large runed translucent door.
 12527 | Gauntlet | Found a large runed translucent door.
 12528 | Gauntlet | Found a large runed translucent door.
 12528 | Gauntlet | Found a large runed translucent door.
 12529 | Gauntlet | Found a runed translucent gate.
 12529 | Gauntlet | Found a runed translucent gate.
 12529 | Gauntlet | Found a runed translucent gate.
 12530 | Gauntlet | Noticed a death yak
 12530 | Gauntlet | Noticed a death yak
 12530 | Gauntlet | Noticed a death yak
 12531 | Gauntlet | Found a transporter.
 12531 | Gauntlet | Noticed a death yak
 12532 | Gauntlet | Noticed a death yak
 12533 | Gauntlet | Noticed a necromancer
 12541 | Gauntlet | Found a large runed translucent door.
 12542 | Gauntlet | Found a large runed translucent door.
 12549 | Gauntlet | Noticed a glowing orange brain
 12550 | Gauntlet | Found a transporter.
 12562 | Gauntlet | Found a transporter.
 12570 | Gauntlet | Noticed a green death
 12574 | Gauntlet | Found a transporter.
 12585 | Gauntlet | Noticed an entropy weaver
 12586 | Gauntlet | Found a transporter.
 12598 | Gauntlet | Found a transporter.
 12615 | Gauntlet | Found a transporter.
 12633 | Gauntlet | Found a transporter.
 12635 | Gauntlet | Found a transporter.
 12662 | Gauntlet | Found a transporter.
 12664 | Gauntlet | Found a transporter.
 12666 | Gauntlet | Found a transporter.
 12692 | Gauntlet | Found a transporter.
 12694 | Gauntlet | Found a transporter.
 13056 | Lair:1   | Reached XP level 12. HP: 80/91 MP: 17/17
 13601 | Lair:1   | Reached ****** piety under Yredelemnul
 13601 | Lair:1   | Reached skill level 1 in Shields
 14360 | Lair:2   | Identified the +1 ring mail of Ghostly Liberty {Int+4}
 14360 | Lair:2   | Noticed a four-headed hydra
 14369 | Lair:2   | Killed a four-headed hydra
 14498 | Lair:2   | Noticed a seven-headed hydra
 14510 | Lair:2   | Killed a seven-headed hydra
 14510 | Lair:2   | Enslaved a seven-headed hydra
 14528 | Lair:2   | Noticed a four-headed hydra
 14535 | Lair:2   | Killed a four-headed hydra
 14788 | Lair:2   | Found a staircase to the Swamp.
 15561 | Lair:3   | Reached skill level 10 in Fighting
 15997 | Lair:3   | Found a hole to the Spider Nest.
 16007 | Lair:3   | Reached skill level 10 in Invocations
 16328 | Lair:3   | Reached XP level 13. HP: 104/104 MP: 20/20
 16862 | D:11     | Bought the +0 mask of the Dragon {Will+ Slay+3 SInv} for
                  | 334 gold pieces
 16862 | D:11     | Found the +0 mask of the Dragon {Will+ Slay+3 SInv}
 17092 | Lair:4   | Reached skill level 5 in Shields
 17108 | Lair:4   | Identified the +11 scimitar "Killer Klown's Death" {vamp,
                  | rElec rN+ Int+3}
 18001 | Lair:4   | Found a staircase to the Slime Pits.
 18002 | Lair:4   | Found a viscous altar of Jiyva.
 18126 | Lair:5   | Entered Level 5 of the Lair of Beasts
 19157 | Lair:5   | HP: 5/107 [catoblepas (21)]
 19905 | Lair:5   | Found a runed translucent door.
 20373 | Lair:5   | Gained mutation: You have a tail ending in a sharp stinger.
                  | [demonic ancestry]
 20373 | Lair:5   | Reached XP level 14. HP: 87/115 MP: 23/23
 22030 | D:12     | Noticed Azrael
 22051 | D:12     | Killed from afar by Azrael

Illustrated notes

Levels and vault maps discovered:
D:1:      minmay_arrival_shoal_huts, layout_basic,
          shapermc_ecumenical_altar_mp_vishouse
D:2:      minmay_recursive_quarters, layout_basic
D:3:      layout_loops_ring, nicolae_gozag_seed_capital,
          mainiacjoe_overflow_big_doors, minmay_gold_behind_fungi,
          kennysheep_generic_room_15
D:4:      layout_basic
D:5:      layout_loops_ring, mainiacjoe_overflow_small_starburst,
          hangedman_decor_growths
D:6:      layout_basic, uniq_maggie
D:7:      layout_basic, minmay_temple_entry_arrows
D:8:      layout_basic, nzn_ghost_randoct, uniq_prince_ribbit1, uniq_amaemon,
          uniq_joseph
D:9:      layout_long_grid, cheibrodos_ashenzari_chains,
          nicolae_overflow_crystal_walls, uniq_psyche
D:10:     layout_cave_pools, lemuel_zombie_altar_kikubaaqudgha,
          nicolae_shop_unique_rings
D:11:     layout_irregular_city, erik_lair_orcish_takeover, orc_david_3,
          uniq_snorg
D:12:     layout_irregular_city, serial_shops, shop_statue,
          einodemon_armed_red_devil_minivault, uniq_urug, uniq_nergalle,
          uniq_azrael, uniq_fannar
Temple:   nicolae_temple_superstar
Lair:1:   layout_regular_city, gauntlet_entry_generic, grunt_megastairs_2,
          serial_bayou_shore_b, infiniplex_staircase_pool
Lair:2:   layout_chaotic_city, palyth_hydra_swamp_entry
Lair:3:   layout_roguey, spider_nest_entry_funnel_web
Lair:4:   layout_big_grid, nicolae_slime_entry_slimehenge, lemuel_fruit_fields
Lair:5:   wormcave, layout_gridlike, hangedman_lair_caniforms_friends

Skill      XL: |  1  2  3  4  5  6  7  8  9 10 11 12 13 14 |
---------------+-------------------------------------------+-----
Polearms       | 3 4 5 6 7 9 12 13 14 | 14.0
Fighting       | 3 4 5 7 10 12 | 12.0
Invocations    | 5 7 10 12 | 12.2
Armour         | 4 5 7 8 |  8.2
Evocations     | 5 6 7 |  7.0
Dodging        | 5 6 |  6.0
Shields        | 4 5 |  5.0
Throwing       | |  1.7

Action                   |  1- 3 |  4- 6 |  7- 9 | 10-12 | 13-15 || total
-------------------------+-------+-------+-------+-------+-------++-------
Melee: Trident           |   159 |   273 |       |       |   466 ||   898
       Punch             |     1 |     2 |     9 |       |       ||    12
       Spear             |       |       |   371 |   732 |     2 ||  1105
       Tailslap          |       |       |       |   104 |   100 ||   204
 Fire: Sling             |       |    28 |     5 |     5 |       ||    38
Throw: Throwing net      |       |     1 |       |       |       ||     1
       Dart              |       |     4 |    23 |     9 |       ||    36
       Javelin           |       |       |       |       |     6 ||     6
Invok: Bind Soul         |       |       |       |     2 |     3 ||     5
       Recall Undead Har |       |       |       |     1 |     3 ||     4
       Dark Bargain      |       |       |       |     1 |       ||     1
       Drain Life        |       |       |       |       |     1 ||     1
Evoke: Lightning rod     |       |       |       |     7 |     2 ||     9
       Wand              |       |       |       |     2 |     5 ||     7
  Use: Potion            |       |     1 |     3 |     4 |     4 ||    12
       Scroll            |       |       |    22 |     4 |     9 ||    35
 Stab: Held in net/web   |       |     1 |       |       |       ||     1
       Distracted        |       |       |     1 |    11 |    13 ||    25
       Sleeping          |       |       |       |     1 |       ||     1
Armor: Leather armour    |    42 |       |       |       |       ||    42
       Ring mail         |    13 |    46 |    38 |    68 |    91 ||   256
Dodge: Dodged            |   114 |   136 |    98 |   220 |   203 ||   771
Block: Other             |     6 |    55 |    31 |     5 |       ||    97
       Reflection        |       |     2 |     1 |     9 |       ||    12
       Buckler           |       |       |       |   142 |    80 ||   222

Table legend: (Time is in decaauts)
 A = Elapsed time spent in this place.
 B = Non-inter-level travel time spent in this place.
 C = Inter-level travel time spent in this place.
 D = Time resting spent in this place.
 E = Time spent auto-exploring this place.
 F = Levels seen in this place.
 G = Mean time per level.
                   A        B        C        D        E       F      G
               +--------+--------+--------+--------+--------+-----+--------+
         Total |  23247 |  22012 |   1235 |   7273 |  10530 |  19 | 1223.5 |
       Dungeon |  12857 |  12280 |    577 |   3458 |   6505 |  12 | 1071.4 |
        Temple |     88 |     48 |     40 |      0 |     32 |   1 |   88.0 |
          Lair |   9848 |   9230 |    618 |   3815 |   3840 |   5 | 1969.6 |
      Gauntlet |    451 |    451 |      0 |      0 |    152 |   1 |  451.0 |
               +--------+--------+--------+--------+--------+-----+--------+

Top non-repeatable levels by time:
  Lair:5: 3366 daAuts
     D:8: 2154 daAuts
  Lair:1: 1960 daAuts
  Lair:4: 1571 daAuts
  Lair:2: 1510 daAuts
    D:11: 1443 daAuts
  Lair:3: 1440 daAuts
     D:2: 1274 daAuts
     D:6: 1257 daAuts
     D:4: 1237 daAuts
    D:10: 1204 daAuts
     D:9: 1129 daAuts
     D:5: 1049 daAuts
     D:1: 917 daAuts
     D:3: 759 daAuts
